Map: King's Cove LE

Players

Cham - Winner!

  • Race: Zerg Zerg
  • Spawn Location: 11:00

fps

  • Race: Protoss Protoss
  • Spawn Location: 5:00

Event: 2019 WCS Spring

VOD

Have the link to the VOD?

Description

Time

  • Played on: May 17, 2019, 6:29 a.m.
  • Length: 3:49

All games in this series

Show
View Real Time Build Order
Export as new Build Order

Cham Zerg - Winner!

Build Orders: Hatch First 

Get SALT Encoding   

  12  0:02  Drone  
  13  0:08  Drone  
  14  0:19  Overlord  
  14  0:37  Drone  
  14  0:38  Drone  
  16  0:49  Hatchery  
  15  0:53  Drone  
  15  0:56  Drone  
  17  1:01  Drone  
  18  1:12  Extractor  
  18  1:16  Spawning Pool  
  16  1:19  Drone  
  16  1:22  Drone  
  18  1:34  Drone  
  19  1:45  Drone  
  20  1:55  Overlord  
  20  2:02  Queen  
  20  2:03  Queen  
  20  2:04  Zergling x4  
  26  2:12  Metabolic Boost  
  26  2:15  Zergling x2  
  27  2:18  Zergling x2  
  28  2:25  Zergling x4  
  30  2:34  Zergling x2  
  31  2:39  Zergling x2  
  32  2:45  Zergling x2  
  32  2:47  Zergling x2  
  34  2:54  Hatchery  
  33  2:58  Overlord  
  33  3:03  Zergling x2  
  34  3:06  Zergling x2  
  34  3:10  Zergling x2  
  36  3:19  Zergling x2  
  36  3:21  Zergling x2  
  36  3:22  Zergling x6  
  36  3:26  Zergling x2  
  40  3:31  Zergling x4  
Show
View Real Time Build Order
Export as new Build Order

fps Protoss 

Build Orders: 1 Gate Expand 

Get SALT Encoding   

  12  0:01  Probe  
  13  0:13  Probe  
  14  0:21  Pylon  
  14  0:25  Probe  
  15  0:39  Probe, Gateway  
  15  0:47  Probe  
  16  0:53  Assimilator  
  17  0:57  Probe  
  18  1:09  Probe  
  19  1:21  Probe  
  20  1:29  Nexus  
  20  1:33  Probe  
  21  1:46  Cybernetics Core  
  21  1:51  Pylon  
  21  1:57  Assimilator  
  21  2:05  Probe  
  22  2:12  Stalker  
  22  2:17  Probe  
  25  2:29  Probe  
  26  2:30  Gateway  
  26  2:41  Probe  
  26  2:42  Sentry  
  29  2:47  Probe  
  30  2:54  Probe  
  30  2:55  Probe  
  31  2:59  Twilight Council  
  31  3:05  Probe  
  32  3:06  Probe  
  34  3:15  Assimilator  
  34  3:17  Probe  
  34  3:18  Probe  
  36  3:25  Shield Battery  
  38  3:29  Probe  
  39  3:35  Gateway  
Tags
 
Add a new tag
Caveats
  • Supply blocks, unpowered buildings, or Contaminate may cause inaccurate times.
  • Supply counts are checked every 10 seconds.